 Dungeon Crawl Stone Soup version 0.19-a0-1225-gf887c1c (webtiles) character file.

3430 glosham the Cleaver (level 10, -3/105 HPs)
             Began as a Merfolk Abyssal Knight on Aug 25, 2016.
             Was an Elder of Lugonu.
             Slain by a komodo dragon (21 damage)
             ... on level 8 of the Dungeon.
             The game lasted 01:44:07 (5387 turns).

glosham the Cleaver (Merfolk Abyssal Knight)        Turns: 5387, Time: 01:44:08

Health: -3/105     AC: 25    Str: 18    XL:     10   Next: 5%
Magic:  20/20      EV:  2    Int: 12    God:    Lugonu [****..]
Gold:   29         SH:  0    Dex: 16    Spells: 0 memorised, 9 levels left

rFire  . . .     SeeInvis .     a - +6 battleaxe "Ysulymohaj" {speed, rElec Str+5}
rCold  . . .     Gourm    .     (armour currently unavailable)
rNeg   + + +     Faith    .     (shield currently unavailable)
rPois  +         Spirit   .     (helmet currently unavailable)
rElec  +         Dismiss  .     (cloak currently unavailable)
rCorr  .         Reflect  .     (gloves currently unavailable)
MR     .....     Harm     .     (boots currently unavailable)
Stlth  +......... NoTele   +    (no amulet)
                                B - ring of poison resistance
                                A - ring of magical power

@: tree-form
A: (change form in water), (swift swim)
a: Depart the Abyss, Bend Space, Banish, Corrupt, Renounce Religion


You were on level 8 of the Dungeon.
You worshipped Lugonu.
Lugonu was greatly pleased with you.
You were not hungry.
You were a tree.
You visited 1 branch of the dungeon, and saw 8 of its levels.
You visited the Abyss 1 time.
You also visited: Sewer.

You collected 317 gold pieces.
You spent 288 gold pieces at shops.

Inventory:

Hand Weapons
 a - the +6 battleaxe "Ysulymohaj" (weapon) {speed, rElec Str+5}
   (You found it on level 2 of the Abyss)

   Attacks with this weapon are significantly faster.
   It affects your strength (+5).
   It insulates you from electricity.
 b - a +4 scythe
 l - a +0 scimitar of flaming
Missiles
 e - 46 poisoned needles
 m - 131 bolts
 n - 138 arrows
 o - 53 sling bullets
 s - 6 tomahawks
 y - 4 silver tomahawks (quivered)
Armour
 u - a +2 robe of cold resistance
 v - a +1 leather armour of fire resistance
 x - a +0 plate armour
 D - a +3 leather armour
 G - a +2 robe of magic resistance
 I - a +0 hat
 U - a +0 helmet (melded)
 X - a +0 chain mail (melded)
 Y - a +0 cloak (melded)
Jewellery
 A - a ring of magical power (left branch)
 B - a ring of poison resistance (right branch)
 Q - an uncursed ring of teleportation
Wands
 g - a wand of random effects (34/48)
Scrolls
 f - 7 scrolls of magic mapping
 h - a scroll of blinking
 j - a scroll of enchant weapon
 w - 6 scrolls of immolation
 C - 4 scrolls of recharging
 E - 6 scrolls of remove curse
 F - 2 scrolls of noise
 J - a scroll of identify
 K - a scroll of enchant armour {unknown}
Potions
 d - 2 potions of agility
 i - a potion of lignification
 k - 7 potions of curing
 p - a potion of brilliance
 q - a potion of heal wounds
 r - 3 potions of flight
 z - 4 potions of mutation {!q}
Books
 t - a book of Necromancy

   Spells                             Type                      Level
   a - Pain                           Necromancy                   1
   b - Animate Skeleton               Necromancy                   1
   c - Vampiric Draining              Necromancy                   3
   d - Regeneration                   Charms/Necromancy            3
   e - Animate Dead                   Necromancy                   4
   f - Control Undead                 Necromancy                   4
Comestibles
 c - 8 bread rations
 H - a chunk of flesh


   Skills:
 - Level 3.2 Fighting
 * Level 11.5 Axes
 - Level 3.0(12.5) Polearms
 - Level 0.6 Armour
 - Level 2.6 Dodging
 - Level 2.0 Invocations


You had 9 spell levels left.
You didn't know any spells.

Dungeon Overview and Level Annotations

Branches:
Dungeon (8/15)             Temple (0/1) D:4            Lair (0/6) D:8

Altars:
Ashenzari
Cheibriados
Fedhas
Hepliaklqana
Trog
Xom
Zin
The Shining One

Shops:
D:5 (   D:6 =   D:8 *

Annotations:
D:2 Natasha


Message History

You kill the giant gecko!
Lugonu accepts your kill.
You hit the iguana.
The iguana is moderately wounded.
You slash the iguana!
The iguana is severely wounded.
The iguana bites you.
Your chain mail prevents you from hitting the iguana.
The iguana is severely wounded.
The iguana bites you!
You slash the iguana!
You kill the iguana!
Lugonu accepts your kill.
Found a scroll of identify.
Things that are here:
an iguana corpse; a giant gecko corpse
Found a bread ration.
J - a scroll of identify
Found a royal jelly.
Found a staircase to the Lair.
c - 8 bread rations (gained 1);
K - a scroll labeled TIWATR IPLARU A komodo dragon comes into view.
The komodo dragon hisses angrily.
You see here a royal jelly.
You completely miss the komodo dragon. The komodo dragon bites you!!
You hit the komodo dragon.
The komodo dragon is lightly wounded.
The komodo dragon bites you!
You turn into a tree.
Your +0 cloak melds into your body.
Your +0 helmet melds into your body.
Your +0 chain mail melds into your body.
Your roots penetrate the ground.
The komodo dragon bites you!
* * * LOW HITPOINT WARNING * * *
You slash the komodo dragon!
The komodo dragon is heavily wounded.
The komodo dragon bites you.
* * * LOW HITPOINT WARNING * * *
You hit the komodo dragon but do no damage.
The komodo dragon is heavily wounded.
The komodo dragon bites you!!
You die...

..# .## ## # #
#### ##### ####
##.# #.#.## ..#
#..###..#.# ###l#
.###.##..#####..♣#
.....#...##...#.#+
.....†(......#.##
#......#......##
#.#.........#..#
####....##..##..>#
###.###### .###
### ##


You could see a komodo dragon.

Vanquished Creatures
  Erica (D:8)
  Psyche (D:8)
  Sigmund (D:2)
  A wyvern (D:8)
  A swamp drake (D:8)
  An orc warrior (D:4)
  2 ice beasts
  2 phantoms (D:4)
  An ogre (D:4)
  3 centaurs
  A big kobold (Sewer)
  3 scorpions
  3 wights (D:6)
  2 howler monkeys
  3 crimson imps
  2 giant frog skeletons
  4 orc wizards
  Ijyb (D:2)
  6 iguanas
  Natasha (twice) (D:2)
  5 worker ants
  A hound skeleton (D:6)
  5 adders
  4 gnolls (D:4)
  2 howler monkey skeletons
  3 river rats
  A shadow imp (D:5)
  2 oozes
  An adder skeleton (D:6)
  4 worms
  8 giant geckos
  14 orcs
  8 giant cockroaches
  10 goblins
  10 hobgoblins
  13 jackals
  5 quokkas
  3 ball pythons
  4 bats
  A giant gecko skeleton (D:5)
  6 giant newts
  13 kobolds
  2 quokka zombies
  14 rats
180 creatures vanquished.

Vanquished Creatures (others)
  2 worker ants (D:4)
  An adder (D:4)
  A giant gecko (D:4)
  3 orcs (D:4)
  A giant cockroach (D:4)
  A jackal (D:4)
  A giant newt (D:4)
10 creatures vanquished.

Grand Total: 190 creatures vanquished

Notes
Turn   | Place    | Note
-------+----------+-------------------------------------------
     0 | Abyss:1  | glosham the Merfolk Abyssal Knight began the quest for the Orb.
     0 | Abyss:1  | Reached XP level 1. HP: 18/18 MP: 2/2
    31 | Abyss:1  | Found a corrupted altar of Lugonu.
   126 | Abyss:2  | Found a corrupted altar of Lugonu.
   186 | Abyss:2  | Got a polished battleaxe
   187 | Abyss:2  | Identified the +6 battleaxe "Ysulymohaj" {speed, rElec Str+5} (You found it on level 2 of the Abyss)
   206 | Abyss:2  | Noticed a quicksilver dragon
   208 | Abyss:3  | Noticed a rakshasa
   208 | Abyss:3  | Noticed a rakshasa
   208 | Abyss:3  | Noticed a rakshasa
   208 | Abyss:3  | Noticed a rakshasa
   209 | D:1      | Escaped the Abyss
   317 | D:1      | Reached * piety under Lugonu
   355 | D:1      | Reached skill level 1 in Axes
   366 | D:1      | Reached XP level 2. HP: 24/24 MP: 3/3
   526 | D:1      | Reached skill level 2 in Axes
   526 | D:1      | Reached XP level 3. HP: 29/29 MP: 4/4
   640 | D:2      | Noticed Natasha
   648 | D:2      | Reached ** piety under Lugonu
   657 | D:2      | Killed Natasha
   657 | D:2      | Reached skill level 3 in Axes
   657 | D:2      | Reached XP level 4. HP: 29/35 MP: 5/5
   662 | D:2      | Found a blossoming altar of Fedhas.
   667 | D:2      | Noticed Natasha
   672 | D:2      | Killed Natasha
  1040 | D:2      | Noticed Natasha
  1040 | D:2      | Noticed Ijyb
  1046 | D:2      | Noticed Sigmund
  1056 | D:2      | Killed Ijyb
  1056 | D:2      | Reached XP level 5. HP: 39/41 MP: 6/6
  1251 | D:2      | Killed Sigmund
  1251 | D:2      | Reached skill level 5 in Axes
  1251 | D:2      | Reached XP level 6. HP: 28/47 MP: 7/7
  1730 | D:3      | Reached *** piety under Lugonu
  2014 | D:4      | Found a staircase to the Ecumenical Temple.
  2024 | D:4      | Reached XP level 7. HP: 52/52 MP: 8/8
  2075 | D:4      | Reached skill level 6 in Axes
  2426 | D:4      | Reached skill level 7 in Axes
  2426 | D:4      | Reached XP level 8. HP: 47/58 MP: 9/9
  2549 | D:4      | Found a shimmering altar of Xom.
  2848 | D:4      | Found a glowing golden altar of the Shining One.
  2922 | D:5      | Entered Level 5 of the Dungeon
  3232 | D:5      | Reached skill level 8 in Axes
  3270 | D:5      | Found Kialoz's Antique Weapon Shoppe.
  3597 | D:6      | Reached **** piety under Lugonu
  3694 | D:6      | Found a glowing drain.
  3749 | Sewer    | Entered a sewer
  3813 | Sewer    | Found a white marble altar of Elyvilon.
  3867 | D:6      | Found a bloodstained altar of Trog.
  4007 | D:6      | Reached skill level 9 in Axes
  4128 | D:6      | Reached XP level 9. HP: 39/64 MP: 10/10
  4246 | D:6      | Found Esiehoru's Jewellery Shoppe.
  4481 | D:6      | Bought an uncursed ring of poison resistance for 240 gold pieces
  4549 | D:7      | Found a shattered altar of Ashenzari.
  4596 | D:7      | Found a glowing silver altar of Zin.
  4596 | D:7      | Noticed an angel
  4610 | D:7      | Found a shimmering altar of Xom.
  4846 | D:7      | Found a hazy altar of Hepliaklqana.
  4924 | D:7      | Found a snail-covered altar of Cheibriados.
  5054 | D:8      | Found Viwk's Assorted Antiques.
  5059 | D:8      | Bought 2 scrolls labeled OCROTR IKLUATZ for 48 gold pieces
  5083 | D:8      | Noticed Erica
  5085 | D:8      | Noticed Psyche
  5100 | D:8      | Killed Psyche
  5100 | D:8      | Reached skill level 10 in Axes
  5105 | D:8      | Killed Erica
  5105 | D:8      | Reached skill level 11 in Axes
  5317 | D:8      | Reached XP level 10. HP: 54/70 MP: 11/11
  5372 | D:8      | Found a staircase to the Lair.
  5387 | D:8      | Slain by a komodo dragon

Vault maps used:
D:1:      matt_arrival_refuge
D:2:      overflow_temple_1_default, first_bread, uniq_natasha, uniq_iyjb,
          uniq_sigmund
D:3:      minmay_diamond_boxcup, interstate_on_off
D:4:      nicolae_overflow_crystal_walls, xom_confusion_cloud
D:5:      serial_shops, nicolae_shop_temple_entry_statues_fountains
D:6:      bloody_trog, serial_shops, kennysheep_mini, portal_sewer_entry_b
D:7:      grunt_temple_overflow_order_and_chaos_1, kennysheep_mini_moat,
          old_standard_altar, cheibrodos_ashenzari_chains
D:8:      erik_lair_dragon, serial_shops, shop, uniq_erica, uniq_psyche
Abyss:3:  minivault_26, hangedman_illusive_loot
Sewer:    sewer_kobolds

Skill      XL: |  1  2  3  4  5  6  7  8  9 |
---------------+----------------------------+-----
Axes           | 1 2 3 5 7 9 11 | 11.5
Fighting       | |  3.2
Polearms       | |  3.0
Armour         | |  0.6
Dodging        | |  2.6
Invocations    | |  2.0

Action                   |  1- 3 |  4- 6 |  7- 9 | 10-12 || total
-------------------------+-------+-------+-------+-------++-------
Melee: Battleaxe         |    58 |   121 |   259 |    10 ||   448
Throw: Tomahawk          |       |     1 |     4 |       ||     5
Invok: Depart the Abyss  |     1 |       |       |       ||     1
  Use: Scroll            |     2 |     9 |     7 |       ||    18
       Potion            |       |       |     5 |     1 ||     6
 Stab: Sleeping          |       |     1 |       |       ||     1
  Eat: Beef jerky        |       |     1 |     1 |       ||     2
       Chunk             |       |     2 |     9 |       ||    11
       Pizza             |       |       |     1 |       ||     1
Armor: Leather armour    |     6 |     5 |       |       ||    11
       Chain mail        |       |    34 |    75 |       ||   109
       Skin              |       |       |     9 |       ||     9
Dodge: Dodged            |    25 |    36 |    64 |       ||   125

Table legend:
 A = Turns spent in this place as a percentage of turns spent in the entire game.
 B = Non-inter-level travel turns spent in this place as a percentage of non-inter-level travel turns spent in the entire game.
 C = Inter-level travel turns spent in this place as a percentage of turns spent in this place.
 D = Turns resting spent in this place as a percentage of non-inter-level travel turns spent in this place.
 E = Turns spent auto-exploring this place as a percentage of non-inter-level travel turns spent in this place.
 F = Non-inter-level travel turns spent in this place divided by the number of levels of this place that you've seen.
                   A       B       C       D       E      F
               +-------+-------+-------+-------+-------+----------------------
         Total | 100.0 | 100.0 |   0.4 |   0.4 |   0.0 | 356.7
       Dungeon |  93.3 |  93.2 |   0.5 |   0.4 |   0.0 | 498.9
         Abyss |   5.0 |   5.1 |   0.0 |   0.0 |   0.0 |  72.3
         Sewer |   1.7 |   1.7 |   0.0 |   0.0 |   0.0 |  72.0
               +-------+-------+-------+-------+-------+----------------------

Table legend:
 A = Kills in this place as a percentage of kills in entire the game.
 B = Kills by you in this place as a percentage of kills by you in the entire game.
 C = Kills by friends in this place as a percentage of kills by friends in the entire game.
 D = Other kills in this place as a percentage of other kills in the entire game.
 E = Experience gained in this place as a percentage of experience gained in the entire game.
 F = Experience gained in this place divided by the number of levels of this place that you have seen.
                   A       B       C       D       E      F
               +-------+-------+-------+-------+-------+----------------------
         Total | 100.0 | 100.0 |  -nan |  -nan | 100.0 | 408.3
       Dungeon |  95.0 |  95.0 |  -nan |  -nan |  97.5 | 597.0
         Sewer |   5.0 |   5.0 |  -nan |  -nan |   2.5 | 124.0
               +-------+-------+-------+-------+-------+----------------------

Vault maps used:
D:1:      matt_arrival_refuge
D:2:      overflow_temple_1_default, first_bread, uniq_natasha, uniq_iyjb,
          uniq_sigmund
D:3:      minmay_diamond_boxcup, interstate_on_off
D:4:      nicolae_overflow_crystal_walls, xom_confusion_cloud
D:5:      serial_shops, nicolae_shop_temple_entry_statues_fountains
D:6:      bloody_trog, serial_shops, kennysheep_mini, portal_sewer_entry_b
D:7:      grunt_temple_overflow_order_and_chaos_1, kennysheep_mini_moat,
          old_standard_altar, cheibrodos_ashenzari_chains
D:8:      erik_lair_dragon, serial_shops, shop, uniq_erica, uniq_psyche
Abyss:3:  minivault_26, hangedman_illusive_loot
Sewer:    sewer_kobolds
